 Dungeon Crawl Stone Soup version 0.25-a0-701-gb30f108f01 (webtiles) character file.

Game seed: 14924923954828630808, levelgen mode: deterministic

633 Flugslaktarn the Chopper (level 7, 0/64 HPs)
             Began as a Deep Dwarf Fighter on Apr 3, 2020.
             Slain by an ice beast (7 damage)
             ... on level 5 of the Dungeon.
             The game lasted 00:00:59 (1557 turns).

Flugslaktarn the Chopper (Deep Dwarf Fighter)       Turns: 1557, Time: 00:00:59

Health: 0/64       AC:  7    Str: 22    XL:     7   Next: 24%
Magic:  6/6        EV:  7    Int:  8    God:
Gold:   128        SH: 10    Dex: 12    Spells: 6/6 levels left

rFire    . . .     SeeInvis .   a - +0 war axe
rCold    . . .     Gourm    .   c - +0 kite shield
rNeg     . . .     Faith    .   b - +0 scale mail
rPois    .         Spirit   .   (no helmet)
rElec    .         Reflect  .   (no cloak)
rCorr    .         Harm     .   (no gloves)
MR       +....                  (no boots)
Stlth    ..........             m - amulet of rage
HPRegen  0.00/turn              (no ring)
MPRegen  0.10/turn              (no ring)

@: non-regenerating
A: damage resistance, heal wounds, sense surroundings 1, no regeneration
a: Heal Wounds, Evoke Berserk Rage


You were on level 5 of the Dungeon.
You were not hungry.

You visited 1 branch of the dungeon, and saw 5 of its levels.

You collected 128 gold pieces.

Inventory:

Hand Weapons
 a - a +0 war axe (weapon)
Armour
 b - a +0 scale mail (worn)
 c - a +0 kite shield (worn)
Jewellery
 m - an amulet of rage (around neck)
   (You found it on level 4 of the Dungeon)
Scrolls
 g - a scroll of amnesia {unknown}
 h - a scroll of enchant weapon {unknown}
 i - 2 scrolls of remove curse {unknown}
 j - a scroll of immolation {unknown}
 l - a scroll of blinking {unknown}
 n - a scroll of teleportation {unknown}
 o - a scroll of identify {unknown}
Potions
 d - a potion of might
 f - a potion of curing {unknown}
 k - a potion of stabbing {unknown}
Comestibles
 e - 5 rations
 p - 11 chunks of flesh


   Skills:
 + Level 4.1 Fighting
 * Level 5.8 Axes
 + Level 5.1 Armour
 + Level 5.0 Shields


You had 6 spell levels left.
You didn't know any spells.
Your spell library was empty.

Dungeon Overview and Level Annotations

Branches:
Dungeon (5/15)
 Temple: D:4-7

Altars:
Ru

Annotations:
D:4 2 transporters


Innate Abilities, Weirdness & Mutations

You are resistant to damage.
You can heal yourself by infusing magical energy.
You passively map a small area around you.
You do not regenerate.


Message History

* * * LOW HITPOINT WARNING * * *
You are too injured to fight recklessly!
You are too injured to fight recklessly!
You are too injured to fight recklessly!
You are too injured to fight recklessly!
You are too injured to fight recklessly!
You are too injured to fight recklessly!
You are too injured to fight recklessly!
You are too injured to fight recklessly!
You are too injured to fight recklessly!
You are too injured to fight recklessly!
You fail to use your ability.
The orc hits you but does no damage. The hound bites you but does no damage.
The orc hits you but does no damage.
The ice beast hits you but does no damage.
You fail to use your ability.
The hound bites you.
* * * LOW HITPOINT WARNING * * *
The orc hits you with a +0 falchion. You block the orc's attack.
You block the hound's attack. The ice beast hits you.
The ice beast freezes you!
You die...

* * **.... ...
, ... .., , ,
..# .. , * ,
*..##. ,., *
#####..., .
#......# .# *
#...hoY##.#.# ,
#...)@o.....#
,*
#...†(..#.#.# ,
, #....(..# , ,
#.....#...# , ,
**,+.....#...##
,
*#.(.(.#..>..,
, *
###.....###..
,* #.##### .. ,
#.# , ,


You could see an ice beast, a hound and 2 orcs.

Vanquished Creatures
  An ogre (D:4)
  A centaur (D:5)
  3 scorpions
  A hound (D:5)
  An orc priest (D:5)
  2 orc wizards
  3 worker ants (D:4)
  A hound skeleton (D:4)
  5 adders
  2 gnolls (D:3)
  An ooze (D:3)
  A worm (D:3)
  2 leopard geckos (D:3)
  8 orcs
  2 ball pythons (D:4)
  2 bats (D:3)
  4 giant cockroaches
  2 goblins (D:3)
  6 hobgoblins (D:3)
  5 jackals
  A quokka (D:3)
  4 frilled lizards
  2 kobolds (D:3)
  2 rats
62 creatures vanquished.

Notes
Turn   | Place    | Note
-------+----------+-------------------------------------------
     0 | D:1      | Flugslaktarn the Deep Dwarf Fighter began the quest for the
                  | Orb.
     0 | D:1      | Reached XP level 1. HP: 20/20 MP: 1/1
   106 | D:2      | Reached XP level 2. HP: 21/27 MP: 2/2
   172 | D:2      | Reached XP level 3. HP: 21/33 MP: 3/3
   478 | D:3      | Reached XP level 4. HP: 39/42 MP: 4/4
   745 | D:4      | Reached XP level 5. HP: 34/49 MP: 5/5
   750 | D:4      | Found a transporter.
   787 | D:4      | Found a transporter.
   794 | D:4      | Noticed an ogre
   803 | D:4      | Killed an ogre
   836 | D:4      | Found a sacrificial altar of Ru.
   850 | D:4      | Reached XP level 6. HP: 39/56 MP: 6/6
  1039 | D:4      | Reached skill level 5 in Axes
  1501 | D:5      | Entered Level 5 of the Dungeon
  1522 | D:5      | Reached XP level 7. HP: 28/64 MP: 7/7
  1547 | D:5      | Reached skill level 5 in Armour
  1553 | D:5      | Reached skill level 5 in Shields
  1557 | D:5      | Slain by an ice beast

Levels and vault maps discovered:
D:1:      lightli_arrival_quake, layout_basic
D:2:      minmay_roachtagon, layout_loops_ring, first_ration, chequers_garden
D:3:      layout_loops_ring, minmay_pentomino_pile
D:4:      gammafunk_steamed_eel, layout_layer_cave,
          nicolae_ru_great_annihilating_truth
D:5:      layout_basic, minmay_temple_entry_butterflies

Skill      XL: |  1  2  3  4  5  6  7 |
---------------+----------------------+-----
Axes           | 3 4 5 |  5.8
Fighting       | 3 4 |  4.1
Armour         | 4 5 |  5.1
Shields        | 4 5 |  5.0

Action                   |  1- 3 |  4- 6 |  7- 9 || total
-------------------------+-------+-------+-------++-------
Melee: War axe           |   102 |   126 |    19 ||   247
 Abil: Heal Wounds       |     3 |     3 |     2 ||     8
 Stab: Invisible         |       |     1 |       ||     1
       Paralysed         |       |     1 |       ||     1
  Eat: Chunk             |       |     2 |     1 ||     3
Armor: Scale mail        |    44 |    51 |    33 ||   128
Dodge: Dodged            |    28 |    43 |    22 ||    93
Block: Kite shield       |    75 |    75 |    40 ||   190

Table legend:
 A = Non-vault XP
 B = Vault XP
 C = Vault XP percentage of total XP
 D = Non-vault monster count
 E = Vault monster count
 F = Vault count percentage of total count
                 A         B        C        D         E       F
            +---------+---------+-------+---------+---------+-------
      Total |     828 |      77 |   8.5 |      53 |       9 |  14.5
            +---------+---------+-------+---------+---------+-------
        D:1 |       2 |       0 |   0.0 |       1 |       0 |   0.0
        D:2 |      41 |       0 |   0.0 |       8 |       0 |   0.0
        D:3 |      74 |      20 |  21.3 |      21 |       5 |  19.2
        D:4 |     402 |      57 |  12.4 |      13 |       4 |  23.5
        D:5 |     309 |       0 |   0.0 |      10 |       0 |   0.0
            +---------+---------+-------+---------+---------+-------
